 Dungeon Crawl Stone Soup version 0.32-a0-921-g04a7ad8e02 (webtiles) character file.

Game seed: 9044823287239149483

947 mopl the Caller (level 7, 0/50 HPs)
             Began as a Green Draconian Summoner on Apr 11, 2024.
             Incinerated by a bombardier beetle (2 damage)
             ... with a burning spray
             ... on level 5 of the Dungeon.
             The game lasted 00:08:08 (4482 turns).

mopl the Caller (Green Draconian Summoner)          Turns: 4482, Time: 00:08:08

Health: 0/50       AC:  8    Str: 10    XL:     7   Next: 89%
Magic:  9/15       EV: 11    Int: 18    God:
Gold:   229        SH:  0    Dex: 11    Spells: 1/17 levels left

rFire   . . .        a - +0 spear
rCold   . . .        (no shield)
rNeg    . . .        (body armour unavailable)
rPois   +            (helmet restricted)
rElec   .            n - +0 cloak
rCorr   .            (no gloves)
SInv    .            h - +0 pair of boots
Will    .....        (no amulet)
Stlth   +            (no ring)
HPRegen 0.28/turn    (no ring)
MPRegen 0.14/turn

%: no passive effects
@: on fire, hasted, glowing, very quick
A: noxious breath, AC +6, unfitting armour, poison resistance, cold-blooded
a: Noxious Breath


You were on level 5 of the Dungeon.
You visited 1 branch of the dungeon, and saw 5 of its levels.
You also visited: Sewer.

You collected 339 gold pieces.
You spent 110 gold pieces at shops.

Inventory:

Hand Weapons
 a - a +0 spear (weapon)
 o - a +4 quarterstaff of chaos
Missiles
 b - 8 poisoned darts
Armour
 h - a +0 pair of boots (worn)
 n - a +0 cloak (worn)
Magical Staves
 c - a staff of alchemy
 w - a staff of fire
Wands
 s - a wand of roots (6)
Scrolls
 d - a scroll of enchant armour {unknown}
 i - 2 scrolls of identify {unknown}
 j - 3 scrolls of vulnerability {unknown}
 m - a scroll of enchant weapon {unknown}
 q - 3 scrolls of teleportation {unknown}
 u - 3 scrolls of fog {unknown}
 v - a scroll of summoning {unknown}
Potions
 e - 2 potions of haste
 f - 2 potions of berserk rage {unknown}
 g - 3 potions of invisibility {unknown}
 k - a potion of magic
 l - 2 potions of curing {unknown}
 p - a potion of heal wounds {unknown}
 r - a potion of attraction {unknown}
 t - a potion of lignification {unknown}


   Skills:
 + Level 3.0 Polearms
 - Level 1.7 Dodging
 - Level 1.7 Stealth
 * Level 5.7 Spellcasting
 * Level 7.0 Summonings
 + Level 1.3 Translocations


You had one spell level left.
You knew the following spells:

 Your Spells              Type           Power      Damage    Failure   Level
a - Summon Small Mammal   Summ           100%       N/A       1%          1
b - Call Imp              Summ           60%        N/A       1%          2
c - Call Canine Familiar  Summ           30%        N/A       1%          3
d - Summon Lightning Spi  Summ/Air       17%        N/A       28%         4
e - Blink                 Tloc           18%        N/A       11%         2
g - Summon Blazeheart Go  Fire/Summ      17%        N/A       28%         4

Your spell library contained the following spells:

 Spells                   Type           Power      Damage    Failure   Level
 Slow                     Hex            20%        N/A       12%         1
 Lesser Beckoning         Tloc           18%        N/A       11%         2
 Momentum Strike          Conj/Tloc      14%        3d8       14%         2
 Volatile Blastmotes      Fire/Tloc      14%        2d11      28%         3
 Confusing Touch          Hex            5%         N/A       36%         3
 Passwall                 Erth           5%         N/A       36%         3
 Vampiric Draining        Necr           5%         2d6       36%         3
 Vhi's Electric Charge    Tloc/Air       14%        N/A       67%         4
 Bombard                  Conj/Erth      2%         9d1       100%        6


Dungeon Overview and Level Annotations

Branches:
Dungeon (5/15)              Sewer (visited)
 Temple: D:4-7

Altars:
Fedhas
Gozag
Kikubaaqudgha
Qazlal
Ru
Zin

Shops:
D:2 [   D:4 *


Innate Abilities, Weirdness & Mutations

You can breathe blasts of noxious fumes.
Your lurid green scales are hard. (AC +6)
You cannot fit into any form of body armour.
Your system is resistant to poisons. (rPois)
You are cold-blooded and may be slowed by cold attacks.


Message History

The hornet stings your inugami!
Your inugami dies!
Your inugami disappears in a puff of smoke!
You enter a teleport trap!
The teleport trap disappears.
Your surroundings suddenly seem different.
You feel sick.
You feel sick.
A bombardier beetle comes into view.
Found a scroll labelled BIHENO DEMIR.
You feel ready to blink again.
You feel sick.
Found a book of Movement.
You feel sick.
You are no longer poisoned.
You pick up a book of Movement and begin reading...
You add the spells Passwall, Volatile Blastmotes, Vhi's Electric Charge and Bombard to your library.
Your familiar recovers from its injuries.
The bombardier beetle sprays incendiary fluid at you.
The burning spray hits you.
You are covered in liquid fire!
You shake off some of the fire as you move.
The liquid fire burns you!
* * * LOW HITPOINT WARNING * * *
You shake off some of the fire as you move.
The liquid fire burns you!
* * * LOW HITPOINT WARNING * * *
You shake off the liquid fire.
A scorpion comes into view.
The bombardier beetle sprays incendiary fluid at you.
The burning spray hits you.
You are covered in liquid fire!
You shake off some of the fire as you move.
The liquid fire burns you!
* * * LOW HITPOINT WARNING * * *
Found a dagger and 8 stones.
You shake off some of the fire as you move.
The liquid fire burns you!
* * * LOW HITPOINT WARNING * * *
It was a potion of haste.
You feel yourself speed up. The liquid fire burns you!
You die...

######....#.....#
..........#.....#
..........#.....#
............#B###
............#.#
...............##.#######
#.......................#
#.......................#
#..........####.@...?...#
#........#. #.........#
#.......... #.........#
..........# #.....s...#
#.......... #.........#
#.......... ..........#
........... .#.....#####
5oy......<. ..)(..#
..........#


You could see a scorpion and a bombardier beetle.

Vanquished Creatures
  Sigmund (D:3)
  An ogre (D:4)
  2 bullfrogs (Sewer)
  2 bombardier beetles (D:4)
  An iguana (D:4)
  Robin (D:2)
  2 gnolls
  3 adders (Sewer)
  13 dart slugs
  4 bats
  12 endoplasms
  11 giant cockroaches
  10 goblins
  5 hobgoblins (D:1)
  3 jackals
  3 kobolds
  5 quokkas
  9 ball pythons
  9 frilled lizards (Sewer)
  7 rats
104 creatures vanquished.

Vanquished Creatures (collateral kills)
  A hound (D:5)
  Crazy Yiuf (D:3)
  An iguana (D:5)
  Natasha (thrice) (D:3)
  8 gnolls
  3 adders
  2 ribbon worms (D:3)
  A dart slug (D:2)
  A ball python (D:3)
  A giant cockroach (D:4)
  4 goblins (D:2)
  2 hobgoblins
  5 jackals
  2 quokkas (D:5)
35 creatures vanquished.

Grand Total: 139 creatures vanquished

Notes
Turn   | Place    | Note
-------+----------+-------------------------------------------
     0 | D:1      | mopl the Draconian Summoner began the quest for the Orb.
     0 | D:1      | Reached XP level 1. HP: 14/14 MP: 3/3
   257 | D:1      | Reached XP level 2. HP: 17/20 MP: 5/5
   276 | D:1      | Learned a level 2 spell: Call Imp
  1012 | D:2      | Reached XP level 3. HP: 23/26 MP: 7/7
  1016 | D:2      | Learned a level 3 spell: Call Canine Familiar
  1141 | D:2      | Found a stormy altar of Qazlal.
  1146 | D:2      | Noticed Robin
  1162 | D:2      | Killed Robin
  1163 | D:2      | Reached skill level 3 in Spellcasting
  1329 | D:2      | Found Puug's Antique Armour Boutique.
  1371 | D:2      | Reached XP level 4. HP: 22/33 MP: 4/8
  1534 | D:2      | Reached skill level 5 in Summonings
  1932 | D:3      | Noticed Natasha
  1939 | D:3      | Killed Natasha
  1940 | D:3      | Reached XP level 5. HP: 25/38 MP: 4/10
  1941 | D:3      | Noticed Sigmund
  2053 | D:3      | Killed Sigmund
  2054 | D:3      | Reached skill level 1 in Polearms
  2054 | D:3      | Reached skill level 4 in Spellcasting
  2054 | D:3      | Reached XP level 6. HP: 17/45 MP: 8/12
  2080 | D:3      | Noticed Natasha
  2167 | D:3      | Killed Natasha
  2176 | D:3      | Noticed Natasha
  2269 | D:3      | Killed Natasha
  2270 | D:3      | Reached skill level 6 in Summonings
  2342 | D:3      | Found a glowing silver altar of Zin.
  2407 | D:3      | Found a runed translucent door.
  2408 | D:3      | Noticed Crazy Yiuf
  2586 | D:3      | Found an ancient bone altar of Kikubaaqudgha.
  2586 | D:3      | Found a blossoming altar of Fedhas.
  2598 | D:3      | Found an opulent altar of Gozag.
  2601 | D:3      | Found a sacrificial altar of Ru.
  2730 | D:3      | Reached skill level 2 in Polearms
  2810 | D:3      | Killed Crazy Yiuf
  3000 | D:4      | Learned a level 4 spell: Summon Blazeheart Golem
  3005 | D:4      | Learned a level 4 spell: Summon Lightning Spire
  3069 | D:4      | Reached skill level 5 in Spellcasting
  3069 | D:4      | Your scales start taking on a lurid green colour.
  3069 | D:4      | Reached XP level 7. HP: 45/50 MP: 11/14
  3069 | D:4      | Gained mutation: Your system is resistant to poisons.
                  | (rPois) [Green Draconian growth]
  3302 | D:4      | Found Lipno's Assorted Antiques.
  3305 | D:4      | Bought a scroll labelled ROCHOI NIUSOK for 16 gold pieces
  3305 | D:4      | Bought a scroll labelled KEEMME VUSCHIA for 16 gold pieces
  3305 | D:4      | Bought a puce potion for 14 gold pieces
  3305 | D:4      | Bought a runed ivory wand for 64 gold pieces
  3857 | D:4      | Learned a level 2 spell: Blink
  3869 | D:5      | Entered Level 5 of the Dungeon
  3926 | D:5      | Found a glowing drain.
  3950 | Sewer    | Entered a sewer
  4334 | Sewer    | Reached skill level 1 in Translocations
  4402 | Sewer    | Reached skill level 3 in Polearms
  4402 | Sewer    | Reached skill level 7 in Summonings
  4440 | D:5      | Noticed a hornet
  4481 | D:5      | HP: 2/50 [burnt (5)]
  4482 | D:5      | Incinerated by a bombardier beetle

Illustrated notes

Levels and vault maps discovered:
D:1:      scummos_arrival_hexagon, layout_loops_ring, minivault_24,
          grunt_decor_resistance, minmay_statues_item,
          chequers_serial_rivers_large_b, feat_on_display
D:2:      layout_loops_cross, basic_altar, serial_shops, shop, uniq_robin
D:3:      layout_rooms, nicolae_overflow_macrodata_refinement,
          mainiacjoe_overflow_cross_hatched, uniq_natasha, uniq_sigmund,
          uniq_crazy_yiuf_cottage
D:4:      layout_loops_ring, serial_shops, nicolae_shop_tiny_real_fake_doors
D:5:      layout_rooms, gup_sewer_entry_pipe

Skill      XL: |  1  2  3  4  5  6  7 |
---------------+----------------------+-----
Spellcasting   | 3 4 5 |  5.7
Summonings     | 5 6 7 |  7.0
Polearms       | 1 2 3 |  3.0
Translocations | 1 |  1.3
Dodging        | |  1.7
Stealth        | |  1.7

Action                     |  1- 3 |  4- 6 |  7- 9 || total
---------------------------+-------+-------+-------++-------
  Melee: Staff             |   120 |    24 |       ||   144
         Tailslap          |    13 |    12 |    41 ||    66
         Spear             |       |   107 |   281 ||   388
   Cast: Summon Small Mamm |     2 |       |       ||     2
         Call Imp          |     3 |     3 |     1 ||     7
         Call Canine Famil |     2 |    11 |     3 ||    16
         Blink             |       |       |     1 ||     1
         Summon Lightning  |       |       |     1 ||     1
Ability: Noxious Breath    |       |       |     3 ||     3
    Use: Potion            |       |       |     1 ||     1
   Stab: Sleeping          |     5 |     5 |     4 ||    14
         Distracted        |     1 |       |     1 ||     2
         Confused          |       |       |     2 ||     2
 Armour: Skin              |   115 |    83 |   187 ||   385
  Dodge: Dodged            |    68 |    84 |   154 ||   306

Table legend: (Time is in decaauts)
 A = Elapsed time spent in this place.
 B = Non-inter-level travel time spent in this place.
 C = Inter-level travel time spent in this place.
 D = Time resting spent in this place.
 E = Time spent auto-exploring this place.
 F = Levels seen in this place.
 G = Mean time per level.
                   A        B        C        D        E       F      G
               +--------+--------+--------+--------+--------+-----+--------+
         Total |   4613 |   4448 |    165 |    825 |   2262 |   6 |  768.8 |
       Dungeon |   4074 |   3909 |    165 |    752 |   2181 |   5 |  814.8 |
         Sewer |    539 |    539 |      0 |     73 |     81 |   1 |  539.0 |
               +--------+--------+--------+--------+--------+-----+--------+

Top non-repeatable levels by time:
     D:2: 1234 daAuts
     D:4: 1020 daAuts
     D:1: 986 daAuts
     D:3: 691 daAuts
   Sewer: 539 daAuts
     D:5: 142 daAuts
